AoeStats
← ennio2mil

Arena

518806387Analyzed
4v4 RM · 6d ago on Nov 5, 2026· 39m 59s· 8 players
Game mode
Random Map
Map size
Large (8 player)
Population
200
Speed
Normal
Resources
Standard
Victory
Conquest
Starting age
Dark Age
Ending age
Imperial Age
RankedLock teamsTeams togetherTeam positionsShared explorationLock speedFull tech treeHidden civsTurbo modeCheats
Victory
Defeat
🇪🇸 Magyars · Spain
1128
+14
🇪🇨 Ethiopians · Ecuador
1099
+15
🇺🇸 Italians · United States
1088
+15
1085
+15
vs
🇲🇽 Italians · Mexico
1115
-17
🇦🇷 Hindustanis · Argentina
1065
-14
🇨🇳 Goths · China
1048
-14
🇨🇴 Malay · Colombia
1044
-14
Dani - Voy Fatal de Recursos
11:03 Feudal Age
14:55 Castle Age
13:32 Double-Bit Axe
20:42 Bow Saw
20:29 Horse Collar
22:39 Gold Mining
23:11 Loom
24:25 Wheelbarrow
24:45 Gold Shaft Mining
24:49 Bloodlines
24:40 Husbandry
25:22 Scale Barding Armor
26:20 Heavy Plow
28:11 Hand Cart
31:50 Imperial Age
33:17 Chemistry
31:43 Cavalier
33:00 Chain Barding Armor
32:51 Forging
32:14 Capped Ram
33:09 Siege Ram
33:59 Savar
38:15 Crop Rotation
38:47 Two-Man Saw
38:27 Plate Barding Armor
38:35 Iron Casting
41:24 Blast Furnace
ennio2mil
12:20 Feudal Age
14:06 Wheelbarrow
14:14 Double-Bit Axe
14:37 Double-Bit Axe
17:14 Castle Age
15:36 Horse Collar
16:28 Gold Mining
17:34 Stone Mining
18:27 Bow Saw
22:07 Loom
24:22 Fletching
27:54 Imperial Age
26:06 Fletching
27:40 Gold Shaft Mining
27:07 Bodkin Arrow
27:47 Hand Cart
28:32 Ballistics
29:00 Conscription
28:53 Bracer
28:59 Town Watch
29:50 Bloodlines
29:41 Husbandry
30:13 Corvinian Army
30:46 Scale Barding Armor
34:12 Chemistry
33:34 Chain Barding Armor
33:55 Recurve Bow
36:08 Parthian Tactics
35:07 Heavy Cavalry Archer
35:53 Thumb Ring
Don Juan el Valiente
7:38 Loom
11:02 Feudal Age
11:56 Double-Bit Axe
13:04 Horse Collar
16:29 Castle Age
14:43 Gold Mining
17:59 Bow Saw
21:15 Fletching
24:21 Heavy Plow
25:24 Elite Skirmisher
26:38 Town Watch
27:26 Bodkin Arrow
32:48 Wheelbarrow
32:57 Ballistics
35:32 Town Patrol
36:32 Hand Cart
39:06 Treadmill Crane
42:00 Imperial Age
Firesterz
11:17 Feudal Age
12:36 Double-Bit Axe
15:03 Castle Age
16:19 Bow Saw
15:55 Horse Collar
17:17 Wheelbarrow
17:19 Heavy Plow
22:13 Scale Mail Armor
22:41 Fletching
23:07 Forging
27:13 Chain Mail Armor
30:15 Iron Casting
34:08 Hand Cart
37:48 Imperial Age
35:17 Loom
37:08 Caravan
38:59 Plate Mail Armor
39:43 Blast Furnace
38:09 Halberdier
40:26 Blast Furnace
39:17 Arson
39:33 Squires
40:10 Conscription
40:22 Gold Mining
40:24 Stone Mining
Irianas
5:08 Loom
9:33 Feudal Age
9:29 Double-Bit Axe
10:52 Horse Collar
11:08 Gold Mining
18:25 Castle Age
17:04 Stone Mining
17:58 Town Watch
18:50 Wheelbarrow
18:04 Town Watch
21:20 Loom
34:04 Imperial Age
33:54 Conscription
33:52 Forging
33:49 Scale Barding Armor
36:11 Iron Casting
37:17 Chemistry
36:39 Ballistics
38:34 Heavy Scorpion
Sebastián
11:14 Feudal Age
9:29 Loom
14:42 Castle Age
18:21 Fletching
22:45 Padded Archer Armor
23:44 Bodkin Arrow
33:22 Imperial Age
31:45 Wheelbarrow
32:49 Leather Archer Armor
32:30 Gold Mining
32:28 Double-Bit Axe
32:25 Horse Collar
34:48 Bracer
thunderbolt
10:46 Feudal Age
15:33 Castle Age
13:54 Double-Bit Axe
16:28 Bow Saw
25:01 Crossbowman
一个火枪手
12:14 Feudal Age
14:22 Loom
16:47 Castle Age
14:38 Double-Bit Axe
15:03 Horse Collar
18:00 Bow Saw
34:39 Imperial Age
32:16 Gold Mining
32:32 Heavy Plow
34:01 Wheelbarrow
Connection lost

Rejoining the realm…

Still unreachable

The connection could not be restored.

Session expired

The server has moved on; the page needs a fresh start.